 Dungeon Crawl Stone Soup version 0.28.0-43-g3370ac3207 (webtiles) character file.

Game seed: 9394946670655253569

144993 vvl the Champion of Chaos (level 16, -3/125 (134) HPs)
             Began as a Demonspawn Venom Mage on Mar 11, 2022.
             Was the Champion of Makhleb.
             Slain by a spectral jumping spider (8 damage)
             ... on level 4 of the Spider Nest.
             The game lasted 02:52:13 (34914 turns).

vvl the Champion of Chaos (Demonspawn Venom Mage)  Turns: 34914, Time: 02:52:13

HP:   -3/125 (134)  AC: 21    Str:  8 (9)  XL:     16   Next: 86%
MP:   24/29         EV: 14    Int: 23      God:    Makhleb [******]
Gold: 2145          SH:  0    Dex: 14 (15) Spells: 11/34 levels left

rFire   + + +      SeeInvis +   V - +9 staff of Olgreb {rPois∞}
rCold   . . .      Faith    .   (no shield)
rNeg    . . .      Spirit   .   L - +0 leather armour of Lifelessness {rElec rF+ Regen+}
rPois   ∞          Reflect  .   y - +2 hat
rElec   +          Harm     .   z - +2 cloak
rCorr   .          Rampage  .   T - +3 pair of gauntlets of War {Slay+5}
Will    +....                   (no boots)
Stlth   ++........              X - amulet of Titutue {RegenMP rF+++ Str-2 Dex+2}
HPRegen 1.10/turn               a - +4 ring of protection
MPRegen 0.61/turn               t - ring of see invisible

@: about to teleport, slowed, studying 2 skills, drained, very slow
A: horns 2, slimy green scales 3, demonic guardian 2, ignite blood 1, sense
surroundings 1, robust 1, noise suppression
a: Renounce Religion, Evoke the Staff of Olgreb, Minor Destruction, Lesser
Servant of Makhleb, Major Destruction, Greater Servant of Makhleb


You were on level 4 of the Spider Nest.
You worshipped Makhleb.
Makhleb was exalted by your worship.
You visited 5 branches of the dungeon, and saw 25 of its levels.
You also visited: Ossuary, Bailey, Gauntlet and Volcano.

You collected 3084 gold pieces.
You spent 939 gold pieces at shops.

Inventory:

Hand Weapons
 v - the +9 falchion "Sarcophage" {vorpal, Str+3}
   (You found it on level 2 of the Spider Nest)

   It inflicts extra damage upon your enemies.
   Str:       It affects your strength (+3).
 J - a +8 dagger of venom
 V - the +9 staff of Olgreb (weapon) {rPois∞}
   (You found it on level 9 of the Dungeon)

   If the wielder is skilled in Evocations, they can envenom those struck by it,
   dealing poison damage which bypasses armour.
   It enhances your poison magic.
   It grants immunity to poison.
   It can be activated via the 'a'bility menu to radiate toxic energy, with
   effectiveness depending on Evocations skill.
Missiles
 E - 6 silver javelins
Armour
 y - a +2 hat (worn)
 z - a +2 cloak (worn)
 L - the +0 leather armour of Lifelessness (worn) {rElec rF+ Regen+}
   (You found it on level 7 of the Dungeon)

   rF:        It protects you from fire.
   rElec:     It insulates you from electricity.
   Regen:     It increases your rate of health regeneration.
 T - the +3 pair of gauntlets of War (worn) {Slay+5}
   (You acquired it on level 3 of the Lair of Beasts)

   Slay:      It affects your accuracy & damage with ranged weapons and melee
   (+5).
Magical Staves
 d - a staff of air
 Z - a staff of earth
Jewellery
 a - a +4 ring of protection (left hand)
 n - a ring of flight
 t - a ring of see invisible (right hand)
 A - a +4 ring of protection
 R - a ring of wizardry
 X - the amulet of Titutue (around neck) {RegenMP rF+++ Str-2 Dex+2}
   (You found it in a Gauntlet)

   [amulet of magic regeneration]

   It increases your rate of magic regeneration.
   Str:       It affects your strength (-2).
   Dex:       It affects your dexterity (+2).
   rF:        It renders you almost immune to fire.
 Y - a ring of wizardry
Wands
 c - a wand of polymorph (2)
 f - a wand of flame (14)
 k - a wand of paralysis (13)
 K - a wand of mindburst (7)
 M - a wand of iceblast (2)
Scrolls
 b - 2 scrolls of summoning
 g - a scroll of torment
 j - a scroll of vulnerability
 l - 7 scrolls of immolation
 o - 10 scrolls of teleportation
 p - 4 scrolls of enchant weapon
 s - a scroll of magic mapping
 x - a scroll of identify
 F - 2 scrolls of amnesia
 G - 3 scrolls of holy word
 H - 2 scrolls of enchant armour
Potions
 e - 14 potions of curing
 h - 6 potions of might
 i - a potion of mutation
 m - 8 potions of haste
 q - 3 potions of invisibility
 r - 4 potions of flight
 u - 2 potions of magic
 w - 2 potions of attraction
 B - 6 potions of brilliance
 C - 3 potions of ambrosia
 I - a potion of lignification
 Q - a potion of heal wounds
 S - 4 potions of berserk rage
 W - 2 potions of resistance
Miscellaneous
 N - a box of beasts
 P - a tin of tremorstones (2/2)


   Skills:
 + Level 10.3 Fighting
 + Level 8.3 Staves
 - Level 8.0 Armour
 - Level 7.0 Dodging
 - Level 2.0 Stealth
 - Level 8.0 Shields
 + Level 9.6 Spellcasting
 + Level 8.6 Conjurations
 + Level 10.5 Necromancy
 - Level 2.0 Transmutations
 + Level 6.2 Fire Magic
 + Level 9.5 Air Magic
 + Level 9.3 Earth Magic
 - Level 8.0 Poison Magic
 + Level 11.7 Invocations
 - Level 5.0 Evocations


You had 11 spell levels left.
You knew the following spells:

 Your Spells              Type           Power      Damage    Failure   Level
a - Sting                 Tmut/Pois      100%       1d8       1%          1
b - Animate Skeleton      Necr           100%       N/A       1%          1
c - Passwall              Tmut/Erth      30%        N/A       1%          2
d - Vampiric Draining     Necr           56%        2d10      1%          3
e - Olgreb's Toxic Radia  Pois           64%        N/A       3%          4
f - Stone Arrow           Conj/Erth      100%       3d13      1%          3
g - Dispel Undead         Necr           56%        3d20      1%          4
h - Lightning Bolt        Conj/Air       26%        1d42      5%          5

Your spell library contained the following spells:

 Spells                   Type           Power      Damage    Failure   Level
 Pain                     Necr           100%       1d9       1%          1
 Sandblast                Erth           100%       2d20      1%          1
 Poisonous Vapours        Pois/Air       100%       N/A       1%          2
 Static Discharge         Conj/Air       52%        N/A       1%          2
 Mephitic Cloud           Conj/Pois/Air  67%        N/A       1%          3
 Airstrike                Air            26%        N/A       1%          4
 Sticky Flame             Conj/Fire      45%        2d6       3%          4
 Apportation              Tloc           22%        N/A       8%          1
 Anguish                  Hex/Necr       17%        N/A       9%          4
 Leda's Liquefaction      Hex/Erth       16%        N/A       11%         4
 Summon Lightning Spire   Summ/Air       33%        N/A       11%         4
 Hailstorm                Conj/Ice       30%        3d8       13%         4
 Freezing Cloud           Conj/Ice/Air   19%        6-21      19%         5
 Call Canine Familiar     Summ           11%        N/A       24%         3
 Frozen Ramparts          Ice            22%        1d4       24%         3
 Portal Projectile        Hex/Tloc       22%        N/A       24%         3
 Tukima's Dance           Hex            11%        N/A       24%         3
 Alistair's Intoxication  Tmut/Pois      33%        N/A       28%         5
 Ice Form                 Ice/Tmut       15%        N/A       45%         4
 Summon Ice Beast         Ice/Summ       11%        N/A       61%         4
 Simulacrum               Ice/Necr       17%        N/A       80%         6
 Eringya's Noxious Bog    Tmut/Pois      25%        N/A       83%         6
 Summon Forest            Summ/Tloc      5%         N/A       91%         5
 Enfeeble                 Hex            5%         N/A       100%        7
 Ozocubu's Refrigeration  Ice            5%         4d6       100%        7
 Summon Hydra             Summ           5%         N/A       100%        7
 Ignition                 Fire           19%        3d7       100%        8
 Chain Lightning          Conj/Air       26%        3d34      100%        9
 Fire Storm               Conj/Fire      22%        8d6       100%        9
 Polar Vortex             Ice            5%         N/A       100%        9
 Shatter                  Erth           26%        3d22*     100%        9


Dungeon Overview and Level Annotations

Branches:
Dungeon (12/15)            Temple (1/1) D:6            Lair (6/6) D:11
 Shoals (0/4) Lair:3       Spider (4/4) Lair:2        Slime (0/5) Lair:5
    Orc (2/2) D:9             Elf (0/3) Orc:2       Ossuary (visited)
 Bailey (visited)         Volcano (visited)         Gauntlet (visited)

Altars:
Ashenzari
Cheibriados
Dithmenos
Elyvilon
Fedhas
Gozag
Hepliaklqana
Kikubaaqudgha
Makhleb
Nemelex Xobeh
Okawaru
Qazlal
Ru
Sif Muna
Trog
Uskayaw
Vehumet
Wu Jian
Xom
Yredelemnul
Zin
The Shining One
Beogh
Jiyva

Shops:
D:5 (   D:10 *   D:12 (   Orc:2 =![

Portals:
Trove: D:11 (give +2 storm dragon scales)

Annotations:
Spider:4 3 runed translucent doors, Ecalaupn's ghost, adept DrBe


Innate Abilities, Weirdness & Mutations

You have a pair of horns on your head.
You are completely covered in slimy green scales. (AC +4, rPois)
A demonic guardian rushes to your aid.
Your demonic aura sometimes causes spilled blood to erupt in flames.
You passively map a small area around you.
You are robust. (+10% HP)
You passively dampen the noise of your surroundings.


Message History

The death scarab bites you.
* * * LOW HITPOINT WARNING * * *
The death scarab drains your vigour!
You feel as though you will be slow longer.
The death scarab draws strength from your injuries!
The death scarab is engulfed in blazing flames.
The death scarab bites you!
* * * LOW HITPOINT WARNING * * *
The death scarab drains your vigour!
You feel as though you will be slow longer.
The death scarab draws strength from your injuries!
The tarantella zombie is engulfed in blazing flames.
The tarantella zombie misses you.
The death scarab waves its antennae.
As you read the scroll of teleportation, it crumbles to dust.
You feel strangely unstable. The death scarab closely misses you. x2
The death scarab bites you!!
* * * LOW HITPOINT WARNING * * *
A demonic guardian appears!
The death scarab drains your vigour!
You feel as though you will be slow longer.
The death scarab draws strength from your injuries!
The tarantella zombie closely misses you.
The death scarab misses you.
The death scarab bites you but does no damage.
The tarantella zombie closely misses you.
You feel much better.
Your sixfirhy hits the death scarab.
Your sixfirhy shocks the death scarab!
The death scarab bites you!
* * * LOW HITPOINT WARNING * * *
The death scarab drains your vigour!
You feel as though you will be slow longer.
The death scarab draws strength from your injuries!
Your sixfirhy hits the death scarab but does no damage.
The death scarab barely misses you.
Your sixfirhy barely misses the death scarab.
The death scarab barely misses you.
Your sixfirhy hits the death scarab.
Your sixfirhy shocks the death scarab!
The tarantella zombie is engulfed in blazing flames.
The tarantella zombie barely misses you.
The spectral jumping spider pounces on you!
You die...

..#.....≈≈≈≈≈≈≈≈.[^...^#..≈≈..#^#
..#.^#...≈≈#≈≈^........^≈≈≈≈....#
8.#≈≈≈....≈≈≈^#...#...†≈≈≈#≈...^#
..#≈≈≈≈.......†..^..≈≈≈≈≈≈≈.....#
..#≈≈≈≈#†.....^...≈≈≈#≈≈≈......##
8.#.≈≈..###################.....#
..#.....#....#.B.B3.......#.....#
..##.†.†##.†...ZZB.....#.†#.....#
8.#.....#...†.BZ@#........#.#...#
^.#^.#..#...##########...≈#.....#
#.#.(..^#...#, #..≈≈#≈≈...#
#≈^...#...# ##≈≈≈#≈≈≈.^#
###≈#...#.†B'.....!* #≈###≈≈≈#..#
##≈≈≈...#...Z^...$. ,#≈≈≈≈≈†≈≈..#
≈≈≈≈≈...#†.)'.Z...$* #..≈≈≈≈≈≈..#
≈≈≈≈≈...#...'....!. ,#.≈≈≈≈≈≈†≈.#
##≈≈≈...##..'.....[ ,###≈≈#≈#≈≈^#


You could see a spectral jumping spider, a spectral tarantella, 4 death scarabs,
a tarantella zombie and a friendly sixfirhy (summoned).

Vanquished Creatures
  3 emperor scorpions
  An orc warlord (Orc:2)
  2 ghost moths
  The ghost of Cumomo the Carver, an adept SpEn of Kikubaaqudgha (Spider:2)
  2 broodmothers
  3 entropy weavers
  A minotaur (Gauntlet)
  2 spark wasps (Spider:2)
  An ettin (Orc:2)
  3 boulder beetles
  An ogre mage (Orc:2)
  2 jorogumos
  A hydra (Lair:4)
  27 death yaks
  A death scarab (Spider:4)
  5 two-headed ogres
  6 catoblepae
  Urug (Orc:1)
  A deep elf knight (Orc:2)
  2 orc high priests (Orc:2)
  Nergalle (Orc:2)
  4 pharaoh ants
  A sun moth (Spider:4)
  A deep troll (shapeshifter) (Gauntlet)
  8 orb spiders
  5 steelbarb worms
  An orc knight (Bailey)
  A spectral wolf spider (Spider:4)
  2 lindwurms (Volcano)
  The ghost of Zeld the Cleaver, a novice MiBe of Trog (D:5)
  A deep elf zephyrmancer (Orc:2)
  A deep elf pyromancer (Orc:2)
  26 wolf spiders
  13 orc sorcerers
  An oklob plant (D:11)
  2 cyclopes
  3 manticores
  A large abomination (Gauntlet)
  5 elephants (Lair:3)
  8 black mambas
  6 moths of wrath
  5 torpor snails
  2 molten gargoyles (Volcano)
  A spectral redback (Spider:4)
  2 rime drakes
  13 cane toads
  2 kobold demonologists
  10 demonic crawlers
  2 efreet (Volcano)
  13 komodo dragons
  2 meliai (Spider:3)
  7 trolls
  38 tarantellas
  4 hornets (D:9)
  4 blink frogs (Lair:2)
  A spectral culicivora (Spider:4)
  A culicivora zombie (Spider:4)
  29 jumping spiders
  14 culicivoras
  4 fire elementals (Volcano)
  A wyvern (Lair:3)
  69 yaks
  4 basilisks
  3 chaos spawn (Gauntlet)
  A neqoxec (Gauntlet)
  41 redbacks
  14 water moccasins
  2 ice beasts (D:6)
  A black bear (D:5)
  23 orc warriors
  A sky beast (D:6)
  11 ogres
  10 wolves
  8 centaurs
  A phantom (D:6)
  2 kobold brigands
  2 elf zombies (Ossuary)
  10 bullfrogs
  2 earth elementals (Volcano)
  4 scorpions
  4 small abominations (Gauntlet)
  3 gnoll sergeants
  A water moccasin zombie (D:6)
  10 killer bees
  A howler monkey (D:7)
  11 wights
  4 electric eels
  4 centaur zombies
  2 human zombies (Ossuary)
  6 jellies
  A quasit (D:3)
  3 bullfrog zombies
  5 orc priests
  3 bullfrog skeletons
  A centaur skeleton (D:4)
  6 hounds
  2 gnoll shamans
  28 orc wizards
  3 iguanas
  A killer bee zombie (D:5)
  A hound skeleton (D:5)
  2 mummies (Ossuary)
  A howler monkey zombie (D:6)
  Robin (D:3)
  20 gnolls
  A howler monkey skeleton (D:7)
  3 adders
  2 shadow imps
  A white imp (D:5)
  An adder skeleton (D:4)
  An adder zombie (Ossuary)
  A worm (D:2)
  A dart slug (D:5)
  58 orcs
  9 bats
  6 endoplasms
  5 giant cockroaches
  19 goblins
  8 hobgoblins
  4 jackals (D:4)
  5 quokkas
  4 ball pythons
  4 frilled lizards
  2 hobgoblin zombies (Ossuary)
  A jackal zombie (Ossuary)
  14 kobolds
  10 kobold zombies (Ossuary)
  11 orc zombies (Ossuary)
  8 rats
  3 rat zombies (Ossuary)
  3 fire vortices (Volcano)
831 creatures vanquished.

Vanquished Creatures (collateral kills)
  An emperor scorpion (Spider:4)
  A radroach (Lair:2)
  A death yak (Lair:6)
  2 orb spiders (Spider:4)
  A demonic crawler (Spider:4)
  A komodo dragon (Lair:3)
  A tarantella (Spider:4)
  A meliai (Spider:3)
  2 trolls
  A spectral tarantella (Spider:4)
  A blink frog (Lair:2)
  2 jumping spiders
  3 yaks
  A culicivora (Spider:4)
  An acid dragon (D:9)
  A water moccasin (Lair:3)
  2 orc warriors
  A large abomination (Gauntlet)
  2 ogres (D:4)
  The ghost of WindUpCitrus the Magician, an amateur DjIE (D:3)
  A bullfrog (Lair:4)
  2 earth elementals (Volcano)
  A jelly (D:5)
  A human zombie (Ossuary)
  An adder (D:2)
  An adder zombie (Ossuary)
  A worm (D:4)
  2 goblins (D:3)
  3 hobgoblins (D:3)
  A goblin zombie (Ossuary)
  2 hobgoblin zombies (Ossuary)
43 creatures vanquished.

Vanquished Creatures (others)
  A jumping spider (Spider:1)
  3 quasits (D:3)
  An orc wizard (Orc:2)
  5 bushes (Lair:3)
  A fire vortex (Volcano)
  19 fungi
  101 plants
131 creatures vanquished.

Grand Total: 1005 creatures vanquished

Notes
Turn   | Place    | Note
-------+----------+-------------------------------------------
     0 | D:1      | vvl the Demonspawn Venom Mage began the quest for the Orb.
     0 | D:1      | Reached XP level 1. HP: 13/13 MP: 3/3
   111 | D:1      | Reached skill level 1 in Transmutations
   316 | D:1      | Gained mutation: You are partially covered in slimy green
                  | scales. (AC +2) [demonic ancestry]
   316 | D:1      | Reached XP level 2. HP: 8/19 MP: 5/5
  1484 | D:2      | Gained mutation: A weak demonic guardian rushes to your
                  | aid. [demonic ancestry]
  1484 | D:2      | Reached XP level 3. HP: 24/25 MP: 2/6
  2061 | D:2      | Reached skill level 1 in Fighting
  2061 | D:2      | Reached skill level 1 in Necromancy
  2520 | D:2      | Found a bloodstained altar of Trog.
  2708 | D:2      | Gained mutation: You are mostly covered in slimy green
                  | scales. (AC +3) [demonic ancestry]
  2708 | D:2      | Reached XP level 4. HP: 30/32 MP: 3/7
  3294 | D:3      | Noticed Robin
  3333 | D:3      | Killed Robin
  3334 | D:3      | Gained mutation: You are completely covered in slimy green
                  | scales. (AC +4, rPois) [demonic ancestry]
  3334 | D:3      | Reached XP level 5. HP: 20/37 MP: 3/8
  3826 | D:3      | Noticed WindUpCitrus's ghost (amateur DjIE)
  3836 | D:3      | Found a transporter.
  3857 | D:3      | Found a transporter.
  4067 | D:4      | Noticed an ogre
  4076 | D:4      | Killed an ogre
  4077 | D:4      | Reached skill level 1 in Armour
  4326 | D:4      | Gained mutation: You have a pair of small horns on your
                  | head. [demonic ancestry]
  4326 | D:4      | Reached XP level 6. HP: 34/44 MP: 10/10
  4495 | D:4      | Reached skill level 1 in Conjurations
  4573 | D:4      | Reached skill level 1 in Earth Magic
  5323 | D:4      | Found a radiant altar of Vehumet.
  5372 | D:4      | Reached XP level 7. HP: 50/50 MP: 11/11
  5590 | D:4      | Learned a level 1 spell: Animate Skeleton
  5593 | D:4      | Learned a level 2 spell: Passwall
  5597 | D:4      | Learned a level 3 spell: Vampiric Draining
  5602 | D:4      | Learned a level 4 spell: Olgreb's Toxic Radiance
  5604 | D:5      | Entered Level 5 of the Dungeon
  5604 | D:5      | Found Jem Xius's Weapon Shoppe.
  6021 | D:5      | Found a transporter.
  6067 | D:5      | Noticed Zeld's ghost (novice MiBe)
  6184 | D:5      | Found a transporter.
  7245 | D:5      | Reached skill level 5 in Poison Magic
  7524 | D:3      | Killed WindUpCitrus's ghost
  7525 | D:3      | Reached XP level 8. HP: 10/58 MP: 13/13
  8092 | D:3      | Identified the +1 spear of Vowkoym {elec, Str+2 Dex-5 SInv
                  | Stlth+}
  8170 | D:5      | Learned a level 3 spell: Stone Arrow
  8201 | D:5      | Killed Zeld's ghost
  8514 | D:6      | Found a staircase to the Ecumenical Temple.
  8519 | D:6      | Noticed a troll
  9056 | D:6      | Found a shadowy altar of Dithmenos.
  9119 | D:6      | Found a sand-covered staircase.
  9123 | Ossuary  | Entered an ossuary
  9926 | Ossuary  | Reached XP level 9. HP: 59/65 MP: 15/15
 10433 | D:6      | Reached skill level 5 in Necromancy
 11124 | Temple   | Entered the Ecumenical Temple
 11285 | Temple   | Became a worshipper of Makhleb the Destroyer
 11432 | D:6      | Killed a troll
 11433 | D:6      | Reached skill level 1 in Invocations
 11838 | D:7      | Noticed a cyclops
 11843 | D:7      | Reached skill level 5 in Spellcasting
 11860 | D:7      | Killed a cyclops
 11861 | D:7      | Reached skill level 5 in Fighting
 11861 | D:7      | Reached skill level 2 in Invocations
 12493 | D:7      | Noticed a troll
 12497 | D:7      | Noticed a gargoyle
 12580 | D:6      | Gained mutation: You have a pair of horns on your head.
                  | [demonic ancestry]
 12580 | D:6      | Reached XP level 10. HP: 60/74 MP: 17/17
 12716 | D:7      | Reached skill level 5 in Conjurations
 12716 | D:7      | Reached skill level 3 in Invocations
 13145 | D:7      | Reached * piety under Makhleb
 13159 | D:7      | Identified the +0 leather armour of Lifelessness {rElec rF+
                  | Regen+}
 13704 | D:7      | Noticed a two-headed ogre
 13725 | D:7      | Killed a two-headed ogre
 13726 | D:7      | Reached skill level 5 in Earth Magic
 13726 | D:7      | Reached skill level 4 in Invocations
 13874 | D:8      | Learned a level 4 spell: Dispel Undead
 14161 | D:8      | Reached skill level 1 in Air Magic
 14590 | D:9      | Identified the +1 trident of the Unstoppable Xalams
                  | {vorpal, Contam rPois rN++ Str+3}
 14629 | D:9      | Found a staircase to the Orcish Mines.
 14743 | D:9      | Noticed a two-headed ogre
 14765 | D:9      | Killed a two-headed ogre
 14766 | D:9      | Reached skill level 5 in Invocations
 14854 | D:9      | Found a runed translucent door.
 14860 | D:9      | Found a runed translucent gate.
 14860 | D:9      | Noticed a black mamba
 14860 | D:9      | Noticed a wolf spider
 14862 | D:9      | Found a runed translucent gate.
 14862 | D:9      | Found a runed translucent gate.
 14866 | D:9      | Noticed a black mamba
 15036 | D:9      | Found a hazy altar of Hepliaklqana.
 15160 | D:9      | Found an ornate altar of the Wu Jian Council.
 15171 | D:9      | Reached ** piety under Makhleb
 15233 | D:9      | Found the +9 staff of Olgreb {rPois∞}
 15235 | D:9      | Found a runed translucent door.
 15259 | D:9      | Noticed a wolf spider
 15260 | D:9      | Noticed a wolf spider
 15435 | D:9      | Killed a black mamba
 15436 | D:9      | Gained mutation: Your demonic aura sometimes causes spilled
                  | blood to erupt in flames. [demonic ancestry]
 15436 | D:9      | Reached XP level 11. HP: 70/81 MP: 4/20
 15438 | D:9      | Killed a wolf spider
 15451 | D:9      | Killed a wolf spider
 15461 | D:9      | Killed a wolf spider
 15833 | D:9      | Reached skill level 6 in Invocations
 15979 | D:10     | Entered Level 10 of the Dungeon
 16069 | D:10     | Noticed a two-headed ogre
 16070 | D:10     | Found Dec Sog's Island Escapes.
 16077 | D:10     | Killed a two-headed ogre
 16078 | D:10     | Reached skill level 1 in Staves
 16188 | D:10     | Found a flagged portal.
 16216 | Bailey   | Entered a bailey
 16337 | Bailey   | Reached *** piety under Makhleb
 16534 | Bailey   | Noticed an orc knight
 16552 | Bailey   | Killed an orc knight
 16574 | Bailey   | Acquired 840 gold pieces
 16709 | D:10     | Reached skill level 1 in Shields
 16709 | D:10     | Reached skill level 5 in Air Magic
 16779 | D:10     | Found a sacrificial altar of Ru.
 16782 | D:10     | Found an opulent altar of Gozag.
 16785 | D:10     | Found an ancient bone altar of Kikubaaqudgha.
 16788 | D:10     | Found a stormy altar of Qazlal.
 17171 | D:11     | Found a gate leading to a gauntlet.
 17178 | D:11     | Reached XP level 12. HP: 91/91 MP: 20/22
 17200 | Gauntlet | Entered a Gauntlet
 17200 | Gauntlet | Found a transporter.
 17200 | Gauntlet | Found a transporter.
 17470 | Gauntlet | Found a transporter.
 17470 | Gauntlet | Found a transporter.
 17474 | Gauntlet | Found a transporter.
 17475 | Gauntlet | Found a large runed translucent door.
 17478 | Gauntlet | Found a large runed translucent door.
 17479 | Gauntlet | Found a large runed translucent door.
 17479 | Gauntlet | Found a large runed translucent door.
 17479 | Gauntlet | Found a runed translucent door.
 17479 | Gauntlet | Found a runed translucent door.
 17480 | Gauntlet | Found a large runed translucent door.
 17480 | Gauntlet | Found a large runed translucent door.
 17480 | Gauntlet | Found a large runed translucent door.
 17480 | Gauntlet | Found a large runed translucent door.
 17481 | Gauntlet | Found a large runed translucent door.
 17481 | Gauntlet | Found a large runed translucent door.
 17482 | Gauntlet | Found a large runed translucent door.
 17482 | Gauntlet | Found a large runed translucent door.
 17483 | Gauntlet | Found a runed translucent gate.
 17483 | Gauntlet | Found a runed translucent gate.
 17484 | Gauntlet | Noticed a hell hog
 17485 | Gauntlet | Found a transporter.
 17486 | Gauntlet | Found a transporter.
 17498 | Gauntlet | Found a transporter.
 17506 | Gauntlet | Found a transporter.
 17508 | Gauntlet | Noticed a broodmother
 17523 | Gauntlet | Found a transporter.
 17531 | Gauntlet | Found a transporter.
 17548 | Gauntlet | Found a transporter.
 17593 | Gauntlet | Found a large runed translucent door.
 17593 | Gauntlet | Found a large runed translucent door.
 17596 | Gauntlet | Found a large runed translucent door.
 17596 | Gauntlet | Found a large runed translucent door.
 17597 | Gauntlet | Found a runed translucent gate.
 17659 | Gauntlet | Noticed a radroach
 17875 | Gauntlet | Reached **** piety under Makhleb
 17893 | Gauntlet | Identified the amulet of Titutue {RegenMP rF+++ Str-2
                  | Dex+2}
 18148 | Gauntlet | Gained mutation: You are frail. (-10% HP) [a neqoxec]
 18150 | Gauntlet | Gained mutation: You have hidden genetic defects. [a
                  | neqoxec]
 18151 | Gauntlet | Reached skill level 7 in Invocations
 18217 | Gauntlet | Identified the +4 plate armour of the Snake Pit {Str+8}
 18217 | Gauntlet | Noticed a minotaur
 18240 | Gauntlet | Killed a minotaur
 18241 | Gauntlet | Reached skill level 5 in Armour
 18527 | D:11     | You fall into a shaft and drop 1 floor!
 18531 | D:12     | Noticed a boulder beetle
 18569 | D:12     | Noticed a two-headed ogre
 18579 | D:12     | Killed a two-headed ogre
 18596 | D:12     | Found Waneumub's Weapon Emporium.
 18636 | D:11     | Gained mutation: You are clumsy. (Dex -2) [hidden defects]
 18663 | D:11     | Found a staircase to the Lair.
 18892 | D:11     | Found a portal to a secret trove of treasure.
 19126 | Lair:1   | Entered Level 1 of the Lair of Beasts
 19433 | Lair:1   | Found a dark tunnel.
 19467 | Volcano  | Entered a volcano
 19569 | Volcano  | Gained mutation: You are very clumsy. (Dex -4) [hidden
                  | defects]
 19569 | Volcano  | Lost mutation: You have hidden genetic defects. [hidden
                  | defects expressed]
 20228 | Lair:1   | Lost mutation: You are very clumsy. (Dex -4) [potion of
                  | mutation]
 20228 | Lair:1   | Lost mutation: You are clumsy. (Dex -2) [potion of
                  | mutation]
 20229 | Lair:1   | Lost mutation: You are frail. (-10% HP) [potion of
                  | mutation]
 20229 | Lair:1   | Gained mutation: You passively dampen the noise of your
                  | surroundings. [potion of mutation]
 20229 | Lair:1   | Gained mutation: You are robust. (+10% HP) [potion of
                  | mutation]
 20229 | Lair:1   | Gained mutation: You passively map a small area around you.
                  | [potion of mutation]
 20347 | Lair:1   | Reached XP level 13. HP: 107/107 MP: 20/24
 20384 | Lair:1   | Learned a level 5 spell: Lightning Bolt
 20468 | Lair:2   | Reached ***** piety under Makhleb
 20729 | Lair:2   | Reached skill level 8 in Invocations
 20849 | Lair:2   | Reached skill level 5 in Staves
 20849 | Lair:2   | Reached skill level 1 in Fire Magic
 20871 | Lair:2   | Found a hole to the Spider Nest.
 21254 | Lair:2   | Identified the +2 robe of Indecent Exposure {Slay+2}
 21452 | Lair:3   | Found a staircase to the Shoals.
 21627 | Lair:3   | Reached skill level 5 in Shields
 22257 | Lair:3   | Acquired the +3 pair of gauntlets of War {Slay+5}
 22257 | Lair:3   | Found the +3 pair of gauntlets of War {Slay+5}
 23308 | Lair:4   | Reached XP level 14. HP: 116/116 MP: 20/25
 23847 | Lair:4   | Identified the +1 leather armour "Qeaczet" {Regen+}
 24724 | Lair:5   | Reached skill level 9 in Invocations
 24829 | Lair:5   | Found a staircase to the Slime Pits.
 24830 | Lair:5   | Found a viscous altar of Jiyva.
 25435 | Lair:6   | Entered Level 6 of the Lair of Beasts
 25547 | Lair:6   | Reached ****** piety under Makhleb
 25552 | Lair:6   | Reached skill level 1 in Evocations
 25594 | Lair:6   | Reached skill level 5 in Dodging
 25674 | Lair:6   | Identified the +0 ring mail of Magitofo {+Inv rPois Will+
                  | Int-2}
 27027 | Orc:1    | Entered Level 1 of the Orcish Mines
 27227 | Orc:1    | Noticed Urug
 27241 | Orc:1    | Killed Urug
 27242 | Orc:1    | Reached XP level 15. HP: 94/114 MP: 10/27
 27429 | Orc:2    | Entered Level 2 of the Orcish Mines
 27622 | Orc:2    | Noticed an orc warlord
 27639 | Orc:2    | Killed an orc warlord
 27640 | Orc:2    | Reached skill level 10 in Necromancy
 27846 | Orc:2    | Found a staircase to the Elven Halls.
 28004 | Orc:2    | Found Necuetu's Distillery.
 28037 | Orc:2    | Bought a potion of invisibility for 112 gold pieces
 28037 | Orc:2    | Bought a potion of attraction for 42 gold pieces
 28037 | Orc:2    | Bought a potion of heal wounds for 70 gold pieces
 28037 | Orc:2    | Bought a potion of brilliance for 56 gold pieces
 28037 | Orc:2    | Bought a potion of haste for 140 gold pieces
 28037 | Orc:2    | Bought a potion of heal wounds for 70 gold pieces
 28037 | Orc:2    | Bought a potion of curing for 42 gold pieces
 28050 | Orc:2    | Found an ancient bone altar of Kikubaaqudgha.
 28051 | Orc:2    | Noticed Nergalle
 28062 | Orc:2    | Killed Nergalle
 28127 | Orc:2    | Found a radiant altar of Vehumet.
 28175 | Orc:2    | Found Ichidev's Distillery.
 28175 | Orc:2    | Found Viawye's Jewellery Emporium.
 28194 | Orc:2    | Reached skill level 10 in Invocations
 28218 | Orc:2    | Found Geycza's Antique Armour Emporium.
 28247 | Orc:2    | Bought a potion of curing for 33 gold pieces
 28247 | Orc:2    | Bought a potion of brilliance for 44 gold pieces
 28247 | Orc:2    | Bought a potion of curing for 33 gold pieces
 28247 | Orc:2    | Bought a potion of flight for 33 gold pieces
 28247 | Orc:2    | Bought a potion of curing for 33 gold pieces
 28247 | Orc:2    | Bought a potion of heal wounds for 55 gold pieces
 28247 | Orc:2    | Bought a potion of ambrosia for 88 gold pieces
 28247 | Orc:2    | Bought a potion of flight for 33 gold pieces
 28247 | Orc:2    | Bought a potion of berserk rage for 55 gold pieces
 29222 | Spider:1 | Entered Level 1 of the Spider Nest
 30000 | Spider:1 | HP: 4/125 [broodmother (4)]
 30729 | Spider:1 | Reached skill level 5 in Fire Magic
 31504 | Spider:2 | Gained mutation: A demonic guardian rushes to your aid.
                  | [demonic ancestry]
 31504 | Spider:2 | Reached XP level 16. HP: 133/133 MP: 29/29
 32077 | Spider:2 | Reached skill level 11 in Invocations
 32216 | Spider:2 | Found a hide-covered altar of Uskayaw.
 32445 | Spider:2 | Found a large runed translucent door.
 32445 | Spider:2 | Found a large runed translucent door.
 32446 | Spider:2 | Noticed Cumomo's ghost (adept SpEn)
 32466 | Spider:2 | Killed Cumomo's ghost
 32495 | Spider:2 | Identified the +9 falchion "Sarcophage" {vorpal, Str+3}
 33261 | Spider:4 | Entered Level 4 of the Spider Nest
 33348 | Spider:3 | Reached skill level 10 in Fighting
 34014 | Spider:4 | Reached skill level 5 in Evocations
 34223 | Spider:4 | Found a runed translucent gate.
 34223 | Spider:4 | Found a runed translucent gate.
 34223 | Spider:4 | Found a runed translucent gate.
 34224 | Spider:4 | Noticed Ecalaupn's ghost (adept DrBe)
 34913 | Spider:4 | HP: 5/125 [death scarab (22)]
 34914 | Spider:4 | Slain by a spectral jumping spider

Illustrated notes

Levels and vault maps discovered:
D:1:      mrwooster_arrival_arrow, layout_loops_ring,
          minmay_large_rounded_square, hangedman_decor_clover_reticule
D:2:      layout_loops_ring, basic_altar, grunt_ministairs_9, solitary_fountain,
          kennysheep_generic_room_12
D:3:      layout_loops_ring, gammafunk_ghost_stat_death, minmay_quadrilaterals,
          uniq_robin
D:4:      layout_basic, mainiacjoe_overflow_alcove_1
D:5:      black_bear_nest_2, layout_rooms, serial_shops, nicolae_stop_n_shop_1,
          gammafunk_ghost_mausoleum, nrook_campfire, kennysheep_path_1
D:6:      layout_cave_pools, mainiacjoe_overflow_small_starburst,
          nicolae_elyvilon_temple_path, minmay_temple_entry_grid,
          nicolae_ossuary_entry_false_entrances
D:7:      minmay_the_grid_triangle_9x9_recursive_2
          [minmay_the_grid_triangle_9x9_prize_top_heavy,
          minmay_the_grid_triangle_9x9_zippers_vertical,
          minmay_the_grid_triangle_9x9_sparse_checkered,
          minmay_the_grid_triangle_9x9_semitri], layout_loops_corners,
          grunt_decor_arrowhead, fountainhead,
          hangedman_abyss_or_decor_jellyfish_corner, supply_closet_lemuel,
          roderic_roman_lattice, serial_bayou_crossing
D:8:      layout_basic, nicolae_straight_to_the_point
D:9:      layout_loops_ring, nicolae_hepliaklqana_hazy_memory,
          nicolae_wu_jian_wuxing_cycle, david_orc_3, serial_park_tiny_1,
          grunt_decor_clamped, dk_noncrumbling_3,
          minmay_guarded_unrand_staff_of_olgreb
D:10:     layout_roguey, grunt_temple_overflow_cloverleaf, enter_bailey_3,
          minmay_misc_feat_iff, grunt_ministairs_10, nicolae_island_escapes
D:11:     layout_cave_pools, dpeg_oklobed_lair, enter_trove_3, serial_bayou,
          serial_bayou_pond_d, serial_bayou_pond_e, serial_bayou_shore_b,
          serial_bayou_lake_a, gauntlet_entry_generic
D:12:     layout_roguey, serial_shops, nicolae_shop_bloodbath_and_beyond,
          special_room [special_room_orc], serial_bayou_pond_b,
          kennysheep_nondescript, nicolae_benzene_ring
Temple:   dshaligram_water_room_temple
Lair:1:   layout_long_grid, nicolae_volcano_entry_lava_flow
Lair:2:   layout_cave_pods, spider_nest_entry_web_field,
          grunt_forest_small_clearings, beast_lair_carwin_2
Lair:3:   layout_roguey, minmay_shoals_entry_centaurs,
          nicolae_lair_grazing_beasts [nicolae_sub_lair_graze_edge,
          nicolae_sub_lair_graze_edge, nicolae_sub_lair_graze_edge,
          nicolae_sub_lair_graze_edge]
Lair:4:   layout_cave_pods, nicolae_lair_lil_pond, grunt_megastairs_5
Lair:5:   layout_cave_pods, slime_altar_1
Lair:6:   evilmike_catoblepas_cave, layout_long_grid, grunt_megastairs_4
Spider:1: layout_cave_pods, drop_trap
Spider:2: layout_spider_delve, ebering_ghost_disaster_area,
          nicolae_spider_altar_of_dancing
Spider:3: layout_spider_delve, nicolae_spider_shape
Spider:4: floodkiller_spider_rune_tomb, gammafunk_ghost_necromancy
Orc:1:    layout_caves, uniq_urug
Orc:2:    kennysheep_orc_mage_school, layout_diamond_mine, basic_altar,
          elf_legates

Skill      XL: |  1  2  3  4  5  6  7  8  9 10 11 12 13 14 15 16 |
---------------+-------------------------------------------------+-----
Transmutations | 1 2 |  2.0
Dodging        | 2 3 4 5 6 7 |  7.0
Stealth        | 2 |  2.0
Fighting       | 1 2 3 4 5 6 7 8 9 10 | 10.3
Necromancy     | 1 2 3 4 5 6 7 8 9 10 | 10.5
Poison Magic   | 4 5 6 7 8 |  8.0
Armour         | 1 2 3 4 6 7 8 |  8.0
Conjurations   | 1 2 3 4 5 6 7 8 |  8.6
Spellcasting   | 3 4 5 6 7 8 9 |  9.6
Earth Magic    | 1 2 3 4 5 6 7 8 9 |  9.3
Invocations    | 2 5 6 7 8 9 10 11 | 11.7
Air Magic      | 2 5 6 7 8 9 |  9.5
Staves         | 2 4 6 7 8 |  8.3
Shields        | 1 4 5 7 8 |  8.0
Fire Magic     | 2 3 5 6 |  6.2
Evocations     | 2 4 5 |  5.0

Action                   |  1- 3 |  4- 6 |  7- 9 | 10-12 | 13-15 | 16-18 || total
-------------------------+-------+-------+-------+-------+-------+-------++-------
Melee: Short sword       |   135 |    43 |       |       |       |       ||   178
       Unarmed           |     2 |       |       |       |       |       ||     2
       Dagger            |       |   118 |   638 |   209 |       |       ||   965
       Punch             |       |     4 |     9 |    11 |    18 |     1 ||    43
       Headbutt          |       |     9 |   152 |   131 |   233 |    46 ||   571
       Staff             |       |       |       |   234 |   758 |   182 ||  1174
 Cast: Sting             |    23 |    67 |    73 |   231 |   508 |   250 ||  1152
       Stone Arrow       |       |       |    26 |    41 |    23 |    48 ||   138
       Olgreb's Toxic Ra |       |       |     7 |    48 |   116 |    26 ||   197
       Vampiric Draining |       |       |     3 |     3 |    20 |     2 ||    28
       Dispel Undead     |       |       |       |     9 |       |     8 ||    17
       Lightning Bolt    |       |       |       |       |     5 |     4 ||     9
Invok: Lesser Servant of |       |       |       |     2 |       |       ||     2
       Greater Servant o |       |       |       |       |     1 |     1 ||     2
 Abil: Evoke the Staff o |       |       |       |     3 |       |       ||     3
Evoke: Wand              |       |       |     7 |     6 |     4 |     2 ||    19
  Use: Potion            |       |     2 |       |     3 |     3 |     4 ||    12
       Scroll            |       |       |    11 |    14 |     7 |     5 ||    37
 Stab: Sleeping          |     6 |     7 |     3 |     3 |     1 |       ||    20
       Paralysed         |       |       |       |     6 |       |       ||     6
       Distracted        |       |       |       |     1 |     1 |       ||     2
       Petrified         |       |       |       |       |     2 |       ||     2
       Petrifying        |       |       |       |       |     1 |       ||     1
Armor: Robe              |    30 |       |       |       |       |       ||    30
       Leather armour    |     5 |    93 |   605 |   343 |   738 |   440 ||  2224
Dodge: Dodged            |   100 |   132 |   630 |   398 |   814 |   444 ||  2518
